 Dungeon Crawl Stone Soup version 0.21-a0-241-g2cbab09 (webtiles) character file.

6 Lavandula the Ruffian (level 1, 0/16 (17) HPs)
             Began as a Ghoul Warper on Sept 3, 2017.
             Slain by an orc
             ... wielding a +0 morningstar
              (8 damage)
             ... on level 2 of the Dungeon.
             The game lasted 00:01:03 (167 turns).

Lavandula the Ruffian (Ghoul Warper)                 Turns: 167, Time: 00:01:03

HP:   0/16 (17)     AC:  5    Str: 14    XL:     1   Next: 90%
MP:   2/2           EV: 10    Int:  8    God:
Gold: 29            SH:  0    Dex:  8    Spells: 3/3 levels left

rFire    . . .     SeeInvis .     - Unarmed
rCold    + . .     Gourm    .   (no shield)
rNeg     + + +     Faith    .   e - +0 ring mail
rPois    ∞         Spirit   .   (no helmet)
rElec    .         Reflect  .   (no cloak)
rCorr    .         Harm     .   (no gloves)
MR       .....                  (no boots)
Stlth    ..........             (no amulet)
HPRegen  0.00/turn              (no ring)
MPRegen  0.08/turn              (no ring)

@: rotting
A: rotting body, claws 1, carnivore 3, cold resistance 1, negative energy
resistance 3, inhibited regeneration, torment resistance, unbreathing
a: no special abilities


You were on level 2 of the Dungeon.
You were not hungry.

You visited 1 branch of the dungeon, and saw 3 of its levels.

You collected 29 gold pieces.

Inventory:

Missiles
 d - 5 tomahawks of dispersal (quivered)
Armour
 a - a +0 leather armour
 e - a +0 ring mail (worn)
Scrolls
 c - a scroll of blinking
 g - a scroll of teleportation {unknown}
Books
 b - a book of Spatial Translocations

   Spells                             Type                      Level
   a - Blink                          Translocation                2
   b - Shroud of Golubria             Charms/Translocation         2
   c - Lesser Beckoning               Translocation                3
   d - Gell's Gravitas                Translocation                3
   e - Teleport Other                 Translocation                3
   f - Passage of Golubria            Translocation                4
Comestibles
 f - a meat ration


   Skills:
 - Level 2.1 Fighting
 - Level 0.8 Throwing
 - Level 0.8 Armour
 - Level 1.7 Dodging
 + Level 2.9 Unarmed Combat
 - Level 1.7 Spellcasting
   Level 2.6 Translocations


You had 3 spell levels left.
You didn't know any spells.

Dungeon Overview and Level Annotations

Branches:
Dungeon (3/15)

Altars:


Innate Abilities, Weirdness & Mutations

Your body is rotting away.
You thrive on raw meat.
You are immune to poison.
You have sharp fingernails.
You are carnivorous and can eat meat at any time.
Your flesh is cold resistant. (rC+)
You are immune to negative energy. (rN+++)
You do not regenerate when monsters are visible.
You are immune to unholy pain and torment.
You can survive without breathing.


Message History

There is a stone staircase leading down here.
Found a stone staircase leading down.
A rat comes into view.
You scratch the rat but do no damage. Your claw misses the rat.
The rat bites you but does no damage.
You scratch the rat.
You kill the rat!
There is a stone staircase leading down here.
You climb downwards. 4 orcs come into view.
The orc shouts! x2
There is a stone staircase leading up here.
An orc comes into view.
It is wielding a morningstar of crushing.
The orc shouts!
The orc hits you with a morningstar!
You climb upwards.
There is a stone staircase leading down here.
You completely miss the orc. The orc hits you with a morningstar!
Ouch! That really hurt!
You die...

#.. #. #..###.
#..#..#..
#..#..#.#
#..#..#.###.#
#..........#
#......>###.#
#....o......#
##.#.@#####.#
#....# #..#.#
#..#.# #..#.#
#..#.# #..#..
..# #..###
#.#### ###
#..######.#...
..###


You could see an orc.

Vanquished Creatures
  A hobgoblin (D:1)
  A bat (D:2)
  A frilled lizard (D:2)
  A goblin (D:2)
  4 rats
8 creatures vanquished.

Notes
Turn   | Place    | Note
-------+----------+-------------------------------------------
     0 | D:1      | Lavandula the Ghoul Warper began the quest for the Orb.
     0 | D:1      | Reached XP level 1. HP: 17/17 MP: 2/2
   167 | D:2      | Slain by an orc

Vault maps used:
D:1:      doesnt_arrival_eight_statues
D:2:      gammafunk_temple_overflow_claw, uniq_natasha, uniq_crazy_yiuf_cottage
D:3:      uniq_grinder

Action                   || total
-------------------------++-------
Melee: Unarmed           ||    20
Armor: Ring mail         ||     3
Dodge: Dodged            ||     6

Table legend:
 A = Spawn XP
 B = Non-spawn XP
 C = Spawn XP percentage of total XP
 D = Spawn monster count
 E = Non-spawn monster count
 F = Spawn count percentage of total count
 G = Total turns spent on level
                    A         B        C        D         E        F      G
               +---------+---------+-------+---------+---------+-------+---------
         Total |       0 |       9 |   0.0 |       0 |       8 |   0.0 |   167
               +---------+---------+-------+---------+---------+-------+---------
           D:1 |       0 |       4 |   0.0 |       0 |       3 |   0.0 |    74
           D:2 |       0 |       5 |   0.0 |       0 |       5 |   0.0 |    86
               +---------+---------+-------+---------+---------+-------+---------
